 Dungeon Crawl Stone Soup version 0.29.1-2-gbd0b4ee654 (webtiles) character file.

Game seed: 2202084089834813660

67 GorkyZ the Ducker (level 4, -3/31 HPs)
             Began as a Djinni Fire Elementalist on Nov 18, 2022.
             Slain by a goblin
             ... wielding a +1 dagger of venom
             ... led by Robin
              (6 damage)
             ... on level 3 of the Dungeon.
             The game lasted 00:19:14 (3479 turns).

GorkyZ the Ducker (Djinni Fire Elementalist)        Turns: 3479, Time: 00:19:15

Health: -3/31      AC:  2    Str:  7    XL:     4   Next: 38%
Gold:   29         EV: 13    Int: 18    God:
                   SH:  0    Dex: 14

rFire   + + .      SeeInvis .   n - +1 dagger (holy)
rCold   x . .      Faith    .   (no shield)
rNeg    . . .      Spirit   .   m - +0 robe of the Bells {Slay+3}
rPois   ∞          Reflect  .   (no helmet)
rElec   .          Harm     .   (no cloak)
rCorr   .          Rampage  .   (no gloves)
Will    .....                   (boots unavailable)
Stlth   ++........              (no amulet)
HPRegen 0.10/turn               (no ring)
MPRegen 0.00/turn               (no ring)

@: flying
A: sickness immunity, fire resistance 2, cold vulnerability 1, float, innate
caster, HP casting, extra vitality 1
a: no special abilities


You were on level 3 of the Dungeon.
You visited 1 branch of the dungeon, and saw 3 of its levels.

You collected 85 gold pieces.
You spent 56 gold pieces at shops.

Inventory:

Hand Weapons
 e - a +0 dagger
 n - a +1 dagger of holy wrath (weapon)
Armour
 a - a +0 robe
 m - the +0 robe of the Bells (worn) {Slay+3}
   (You found it on level 2 of the Dungeon)

   Slay:      It affects your accuracy & damage with ranged weapons and melee
   (+3).
Jewellery
 c - a ring of wizardry
Scrolls
 b - a scroll of teleportation {unknown}
 f - 5 scrolls of identify
 g - a scroll of enchant weapon {unknown}
 h - a scroll of immolation {unknown}
 k - a scroll of fear {unknown}
 l - a scroll of noise {unknown}
Potions
 d - 2 potions of curing {unknown}
 i - a potion of flight {unknown}
 j - a potion of attraction {unknown}


   Skills:
 + Level 3.6 Dodging
 - Level 1.5 Stealth
 + Level 3.2 Spellcasting


You couldn't memorise any spells.
You knew the following spells:

 Your Spells              Type           Power      Damage    Failure   Level
a - Foxfire               Conj/Fire      56%        2x1d6     4%          1
b - Scorch                Fire           28%        2d6       6%          2
c - Conjure Flame         Conj/Fire      14%        6-21      13%         3
d - Inner Flame           Hex/Fire       14%        N/A       13%         3
e - Flame Wave            Conj/Fire      14%        2d6       38%         4
f - Beastly Appendage     Tmut           28%        N/A       4%          1
Your spell library was empty.

Dungeon Overview and Level Annotations

Branches:
Dungeon (3/15)

Altars:
Xom

Shops:
D:2 (?(


Innate Abilities, Weirdness & Mutations

You are immune to sickness and miasma.
You are immune to poison.
Your flesh is very heat resistant. (rF++)
You are vulnerable to cold. (rC-)
You float through the air rather than walking.
You learn spells naturally, not from books.
Your magical power is your life essence.
You have superior vitality. (+4 MHP)


Message History

The goblin no longer looks unusually strong. x2
A hobgoblin comes into view.
A goblin comes into view. It is wielding a +0 dagger.
Casting: Scorch (safe; 7% risk of failure)
Press: ? - help, Q - select action, (/) - cycle Dir - look around, f - activate Flames lash Robin.
Robin is burned terribly!
Robin is almost dead.
You hear a shout!
Robin roars a battlecry!
The goblin goes into a battle-frenzy!
Casting: Scorch (safe; 7% risk of failure)
Press: ? - help, Q - select action, (/) - cycle Dir - look around, f - activate Flames lash Robin.
Robin is burned terribly!
You kill Robin!
A goblin comes into view. It is wielding a +0 club.
Casting: Scorch (safe; 6% risk of failure)
Press: ? - help, Q - select action, (/) - cycle Dir - look around, f - activate Flames lash the goblin.
You kill the goblin!
* * * LOW HITPOINT WARNING * * *
The hobgoblin no longer looks unusually strong. x2
There are monsters nearby!
The goblin shouts!
Things that are here:
a +1 dagger of venom; a +0 animal skin; a +0 helmet
Casting: Scorch (safe; 6% risk of failure)
Press: ? - help, Q - select action, (/) - cycle Dir - look around, f - activate Flames lash the hobgoblin.
You kill the hobgoblin!
* * * LOW HITPOINT WARNING * * *
The goblin no longer looks unusually strong.
The goblin hits you with a +1 dagger of venom.
* * * LOW HITPOINT WARNING * * *
Unknown command.
Unknown command.
You hit the goblin.
The goblin is heavily wounded.
The goblin no longer looks unusually strong.
The goblin hits you with a +1 dagger of venom.
You die...

.. ..# ..## $..#
#..# #..##
#..#####
########g@..)##
#....ggg####..###
#..)....#
##..†###
....?.†....#
###...#
...........#
###.#
g....####### #.#
..... #.# ..g.
#.# ... #.#


You could see a hobgoblin and 3 goblins.

Vanquished Creatures
  Robin (D:3)
  A worm (D:2)
  3 dart slugs
  An orc (D:3)
  A ball python (D:2)
  4 endoplasms (D:1)
  4 giant cockroaches
  3 hobgoblins (D:3)
  2 jackals (D:1)
  4 quokkas
  3 frilled lizards
  8 goblins
  3 kobolds (D:1)
  6 rats
44 creatures vanquished.

Vanquished Creatures (others)
  64 foxfires
64 creatures vanquished.

Grand Total: 108 creatures vanquished

Notes
Turn   | Place    | Note
-------+----------+-------------------------------------------
     0 | D:1      | GorkyZ the Djinni Fire Elementalist began the quest for the
                  | Orb.
     0 | D:1      | GorkyZ set off with the following spells memorised:
                  | Foxfire, Scorch, Conjure Flame, Inner Flame, Flame Wave.
     0 | D:1      | Reached XP level 1. HP: 15/15 MP: 0/0
   428 | D:1      | Reached XP level 2. HP: 10/21 MP: 0/0
   689 | D:1      | Found a faded altar of an unknown god.
  1090 | D:1      | Reached XP level 3. HP: 22/25 MP: 0/0
  1090 | D:1      | Learned a level 1 spell: Beastly Appendage
  1991 | D:2      | Found a shimmering altar of Xom.
  2395 | D:2      | Identified the +0 robe of the Bells {Slay+3}
  2676 | D:2      | Found Leter's Weapon Shoppe.
  2717 | D:2      | Found Kimmemp's Weapon Boutique.
  2809 | D:2      | Found Gischil's Magic Scroll Emporium.
  2817 | D:2      | Bought a scroll of identify for 28 gold pieces
  2817 | D:2      | Bought a scroll of identify for 28 gold pieces
  3451 | D:3      | Reached XP level 4. HP: 27/31 MP: 0/0
  3457 | D:3      | Noticed Robin
  3475 | D:3      | Killed Robin
  3479 | D:3      | Slain by a goblin

Illustrated notes

Levels and vault maps discovered:
D:1:      saegor_arrival_simple_e, layout_basic,
          hellmonk_ecumenical_altar_inner_sanctum
D:2:      layout_basic, basic_altar, serial_shops, shop, shop, shop,
          minmay_worlds_worst_comb
D:3:      layout_basic, uniq_robin

Skill      XL: |  1  2  3 |
---------------+----------+-----
Dodging        | 3 |  3.6
Spellcasting   | 3 |  3.2
Stealth        | |  1.5

Action                   |  1- 3 |  4- 6 || total
-------------------------+-------+-------++-------
Melee: Unarmed           |     4 |       ||     4
       Dagger            |     5 |     1 ||     6
 Cast: Foxfire           |    51 |       ||    51
       Scorch            |    16 |    10 ||    26
Armor: Robe              |     1 |       ||     1
Dodge: Dodged            |     8 |       ||     8
